AoeStats
← DK_Odysseo

Migration

509117024Analyzed
1v1 RM · 7d ago on Sep 25, 2026· 22m 47s· 2 players
Game mode
Random Map
Map size
132×132
Population
200
Speed
Normal
Resources
Standard
Victory
Conquest
Starting age
Dark Age
Ending age
Imperial Age
RankedLock teamsTeams togetherTeam positionsShared explorationLock speedFull tech treeHidden civsTurbo modeCheats
Victory
Defeat
🇧🇷 Saracens · Brazil
2093
+8
🇪🇸 Inca · Spain
1890
-8
SupeR_Faraday
12:02 Feudal Age
12:51 Double-Bit Axe
12:56 Loom
16:38 Castle Age
16:56 Gold Mining
17:37 Forging
17:41 Medium Warships
17:03 Light Cavalry
18:54 Bow Saw
22:02 Iron Casting
21:34 Scale Barding Armor
DK_Odysseo
12:21 Feudal Age
15:47 Castle Age
13:58 Double-Bit Axe
14:50 Gold Mining
15:42 Forging
16:57 Medium Warships
18:55 Bow Saw
18:26 Horse Collar
21:59 Loom
22:11 Fletching
Connection lost

Rejoining the realm…

Still unreachable

The connection could not be restored.

Session expired

The server has moved on; the page needs a fresh start.